 Dungeon Crawl Stone Soup version 0.31-a0-544-gceb718ecc6 (webtiles) character file.

Game seed: 11733905881393469784

19456 cforsyth the Prestidigitator (level 12, -5/92 HPs)
             Began as a Gnoll Artificer on Aug 16, 2023.
             Was an Initiate of Hepliaklqana.
             Killed from afar by a tengu reaver (35 damage)
             ... with a bolt of lightning
             ... on level 11 of the Dungeon.
             The game lasted 00:35:18 (14886 turns).

cforsyth the Prestidigitator (Gnoll Artificer)     Turns: 14886, Time: 00:35:19

Health: -5/92      AC: 11    Str: 11    XL:     12   Next: 69%
Magic:  16/23      EV: 20    Int: 16    God:    Hepliaklqana [......]
Gold:   752        SH:  5    Dex: 13    Spells: 16/26 levels left

rFire   + + .        p - +6 spear of Dim Light {flame, rPois rF+ Stlth+}
rCold   + . .        Q - orb {light}
rNeg    . . .        I - +2 leather armour {Will+}
rPois   +            m - +0 helmet
rElec   .            K - scarf {rC+ rF+}
rCorr   .            n - +0 pair of gloves
SInv    +            N - +1 pair of boots
Will    +....        k - amulet of reflection
Stlth   ++           L - +5 ring of evasion
HPRegen 0.35/turn    O - ring of see invisible
MPRegen 0.18/turn

%: reflection
@: glowing
A: fangs 1, strong nose, distributed training
a: Renounce Religion


You were on level 11 of the Dungeon.
You worshipped Hepliaklqana.
Hepliaklqana was noncommittal.
You visited 2 branches of the dungeon, and saw 12 of its levels.
You also visited: Ossuary.

You collected 752 gold pieces.

Inventory:

Hand Weapons
 p - the +6 spear of Dim Light (weapon) {flame, rPois rF+ Stlth+}
   (You found it on level 2 of the Dungeon)

   rF+:       It protects you from fire.
   rPois:     It protects you from poison Stlth+: It makes you more stealthy.
 x - a +6 trident of freezing
Missiles
 b - 14 poisoned darts
 T - 3 throwing nets
Armour
 a - a +3 leather armour of positive energy
 m - a +0 helmet (worn)
 n - a +0 pair of gloves (worn)
 I - a +2 leather armour of willpower (worn)
 K - a scarf of resistance (worn)
 N - a +1 pair of boots (worn)
 Q - an orb of light (worn)
 U - a +1 chain mail of poison resistance
Jewellery
 k - an amulet of reflection (around neck)
 L - a +5 ring of evasion (left hand)
 O - a ring of see invisible (right hand)
 S - a ring of protection from fire
Wands
 c - a wand of flame (10) (quivered)
 d - a wand of charming (9)
 e - a wand of iceblast (9)
 B - a wand of paralysis (1)
Scrolls
 h - 5 scrolls of teleportation
 i - a scroll of fog {unknown}
 q - a scroll of amnesia
 v - 4 scrolls of blinking {unknown}
 y - 3 scrolls of enchant armour {unknown}
 C - 2 scrolls of immolation {unknown}
 D - a scroll of summoning
 F - a scroll of revelation
 G - 3 scrolls of fear
 H - a scroll of brand weapon {unknown}
 J - a scroll of identify
 M - 2 scrolls of poison
 P - a scroll of enchant weapon
Potions
 f - 16 potions of ambrosia
 g - 6 potions of curing
 j - a potion of resistance
 l - a potion of brilliance {unknown}
 o - 2 potions of heal wounds {unknown}
 r - 4 potions of berserk rage
 s - a potion of mutation {unknown}
 t - a potion of invisibility {unknown}
 u - 6 potions of haste
 w - 5 potions of enlightenment
 z - 3 potions of lignification
 A - a potion of cancellation
 E - 3 potions of attraction
 R - 2 potions of might {unknown}


   Skills:
 + Level 8.1 Fighting
 + Level 7.6 Short Blades
 + Level 7.6 Long Blades
 + Level 7.6 Axes
 + Level 7.6 Maces & Flails
 + Level 7.6 Polearms
 + Level 7.6 Staves
 + Level 7.6 Ranged Weapons
 + Level 7.6 Throwing
 + Level 9.0 Armour
 + Level 8.1 Dodging
 + Level 8.1 Stealth
 + Level 7.6 Shields
 + Level 7.6 Unarmed Combat
 + Level 7.6 Spellcasting
 + Level 6.3 Conjurations
 + Level 6.3 Hexes
 + Level 6.3 Summonings
 + Level 6.3 Necromancy
 + Level 6.3 Translocations
 + Level 6.3 Transmutations
 + Level 6.3 Fire Magic
 + Level 6.3 Ice Magic
 + Level 6.3 Air Magic
 + Level 6.3 Earth Magic
 + Level 6.3 Poison Magic
 + Level 8.4 Invocations
 + Level 10.1 Evocations
 + Level 6.3 Shapeshifting


You had 16 spell levels left.
You knew the following spells:

 Your Spells              Type           Power      Damage    Failure   Level
a - Stone Arrow           Conj/Erth      52%        3d10      3%          3
d - Summon Guardian Gole  Hex/Summ       26%        N/A       3%          3
e - Summon Lightning Spi  Summ/Air       26%        N/A       11%         4

Your spell library contained the following spells:

 Spells                   Type           Power      Damage    Failure   Level
 Apportation              Tloc           52%        N/A       1%          1
 Kiss of Death            Conj/Necr      100%       2d13      1%          1
 Magic Dart               Conj           100%       1d8       1%          1
 Sandblast                Erth           52%        2d12      1%          1
 Slow                     Hex            100%       N/A       1%          1
 Summon Small Mammal      Summ           100%       N/A       1%          1
 Call Imp                 Summ           52%        N/A       1%          2
 Ensorcelled Hibernation  Hex/Ice        52%        N/A       1%          2
 Lesser Beckoning         Tloc           52%        N/A       1%          2
 Passwall                 Tmut/Erth      21%        N/A       1%          2
 Static Discharge         Conj/Air       52%        2-5/arc   1%          2
 Sublimation of Blood     Necr           26%        N/A       1%          2
 Call Canine Familiar     Summ           26%        N/A       3%          3
 Confusing Touch          Hex            26%        N/A       3%          3
 Dazzling Flash           Conj/Hex       52%        N/A       3%          3
 Frozen Ramparts          Ice            52%        1d8       3%          3
 Gell's Gravitas          Tloc           26%        N/A       3%          3
 Mephitic Cloud           Conj/Pois/Air  26%        N/A       3%          3
 Swiftness                Air            26%        N/A       3%          3
 Teleport Other           Tloc           26%        N/A       3%          3
 Vampiric Draining        Necr           26%        2d7       3%          3
 Volatile Blastmotes      Fire/Tloc      52%        2d14      3%          3
 Airstrike                Air            13%        2d(2-18)  11%         4
 Anguish                  Hex/Necr       13%        N/A       11%         4
 Cause Fear               Hex            13%        N/A       11%         4
 Dispel Undead            Necr           26%        3d13      11%         4
 Fulminant Prism          Conj/Hex       13%        3d8       11%         4
 Iskenderun's Mystic Bla  Conj/Tloc      26%        2d7       11%         4
 Petrify                  Tmut/Erth      26%        N/A       11%         4
 Agony                    Necr           26%        N/A       28%         5
 Alistair's Intoxication  Tmut/Pois      17%        N/A       28%         5
 Irradiate                Conj/Tmut      13%        3d16      28%         5
 Metabolic Englaciation   Hex/Ice        13%        N/A       28%         5
 Silence                  Hex/Air        13%        N/A       28%         5
 Enfeeble                 Hex            13%        N/A       100%        7


Dungeon Overview and Level Annotations

Branches:
Dungeon (11/15)            Temple (1/1) D:4            Lair (0/5) D:11
    Orc (0/2) D:11        Ossuary (visited)

Altars:
Ashenzari
Cheibriados
Dithmenos
Elyvilon
Fedhas
Gozag
Hepliaklqana
Kikubaaqudgha
Makhleb
Nemelex Xobeh
Okawaru
Qazlal
Ru
Sif Muna
Trog
Uskayaw
Vehumet
Wu Jian
Xom
Yredelemnul
Zin
The Shining One

Shops:
D:11 (

Annotations:
D:6 1 runed translucent door, Crazy Yiuf
D:8 3 runed translucent doors, minhee2137's ghost, novice MiBe


Innate Abilities, Weirdness & Mutations

You have very sharp teeth.
Your uncanny sense of smell can sniff out nearby items.
Your experience applies equally to all skills.


Message History

You reach to attack!
You puncture the orc wizard! You burn the orc wizard.
You kill the orc wizard!
No target in view!
No target in view!
No target in view!
No target in view!
No target in view!
No target in view!
Found a shimmering blue altar of Sif Muna.
You see here a +0 hand axe.
You see here 7 stones.
Items here: ))) [.
A tengu reaver comes into view. It is wielding a +1 great mace.
The tengu reaver shouts!
A tengu reaver is nearby!
The tengu reaver casts a spell at you.
The bolt of cold hits the plant!!
The plant begins to die.
The bolt of cold hits you!! You resist.
You reach to attack!
You closely miss the tengu reaver.
You reach to attack!
You hit the tengu reaver. You burn the tengu reaver.
The tengu reaver is lightly wounded.
You hit the tengu reaver. You burn the tengu reaver.
Your bite misses the tengu reaver.
The tengu reaver is lightly wounded.
The tengu reaver gestures at you while chanting.
The bolt of fire misses you.
The tree burns like a torch!
Casting: Summon Lightning Spire (dangerous; 11% risk of failure)
Confirm with . or Enter, or press ? or * to list all spells.
A guardian golem appears, shielding your allies.
The tengu reaver hits you with a +1 great mace!!
The tengu reaver pecks you. You block the tengu reaver's attack.
Casting: Summon Guardian Golem (mildly dangerous; 3% risk of failure)
Confirm with . or Enter, or press ? or * to list all spells.
An electric hum fills the air.
You are engulfed in blazing flames.
You resist.
A nearby plant withers and dies.
The tengu reaver misses you. The tengu reaver pecks you.
The tengu reaver closely misses you.
Your guardian golem is engulfed in blazing flames.
The tengu reaver casts a spell at you. The bolt of lightning hits you!!
You die...

..♣...# ♣.♣.♣.# ∆ ♣.♣.♣.# ∆
♣.♣.♣♣# ♣...♣ ### ∆ ##### ###<###
######### ♣♣♣♣ ♣♣.....♣♣
#♣....♣♣.♣♣
...♣♣♣#♣♣♣♣..PPP..♣♣♣♣#.≈≈≈....♣♣
.........[...P~P@98§....~~.♣.♣.♣.
...♣♣♣#♣♣♣♣..PP.Q§§♣♣♣#♣♣⌠.♣.♣..[
♣♣♣♣ ♣♣.....♣♣♣ ♣♣♣♣♣♣.♣♣
#################################
.(...............................
######......###...#.##......#.###
#...........#..<'.###..........
#....########...#..##..........
#....#.†....#.............[).))


You could see a tengu reaver (ally target), a friendly guardian golem (summoned)
and a friendly lightning spire (summoned, sheltered).

Vanquished Creatures
  Harold (D:10)
  3 boulder beetles
  A centaur warrior (D:11)
  6 two-headed ogres
  Pikel (D:6)
  A manticore (D:11)
  3 centaur zombies (D:10)
  An unseen horror (D:11)
  An unseen horror skeleton (D:10)
  3 trolls (D:11)
  Grinder (D:6)
  Sigmund (D:2)
  3 shadows
  2 wyverns
  2 wraiths
  12 yaks
  Eustachio (D:6)
  A steam dragon (D:7)
  5 vampire mosquitoes
  Menkaure (D:5)
  An acid dragon (D:10)
  A water moccasin (D:6)
  Duvessa (D:5)
  2 black bears (D:7)
  2 sky beasts
  An ice beast (D:6)
  2 orc warriors (D:11)
  6 centaurs
  2 phantoms
  A lemure (D:6)
  2 kobold brigands
  A gnoll sergeant (D:6)
  A bullfrog (D:6)
  3 water moccasin zombies (Ossuary)
  3 scorpions
  6 wights
  Dowan (D:5)
  30 killer bees
  A spectral centaur (D:10)
  2 howler monkeys (D:11)
  A jelly (D:8)
  3 hounds
  2 orc priests
  A gnoll bouda (D:8)
  3 iguanas
  6 orc wizards
  2 mummies (Ossuary)
  7 gnolls
  8 adders
  A white imp (D:8)
  3 ufetubi (D:6)
  9 adder zombies (Ossuary)
  2 dart slugs
  26 orcs
  7 ball pythons
  7 bats
  10 endoplasms
  4 giant cockroaches
  9 goblins
  5 hobgoblins
  2 jackals (D:1)
  3 quokkas
  4 frilled lizards
  2 gnoll zombies (Ossuary)
  3 hobgoblin zombies (Ossuary)
  17 kobolds
  5 kobold zombies (Ossuary)
  6 orc zombies (Ossuary)
  7 rats
284 creatures vanquished.

Vanquished Creatures (collateral kills)
  A boulder beetle (D:11)
  A queen bee (D:11)
  An acid dragon (D:11)
  An orc warrior (D:11)
  A bullfrog (D:9)
  3 killer bees (D:11)
  A frilled lizard (D:1)
9 creatures vanquished.

Vanquished Creatures (others)
  An unseen horror (D:11)
  5 dream sheep (D:9)
  A steam dragon (D:9)
  An acid dragon (D:11)
  A meliai simulacrum (D:11)
  2 orc warriors
  An electric eel (D:11)
  A jackal (D:1)
13 creatures vanquished.

Grand Total: 306 creatures vanquished

Notes
Turn   | Place    | Note
-------+----------+-------------------------------------------
     0 | D:1      | cforsyth the Gnoll Artificer began the quest for the Orb.
     0 | D:1      | Reached XP level 1. HP: 17/17 MP: 1/1
   147 | D:1      | Reached XP level 2. HP: 20/23 MP: 2/2
   700 | D:1      | Reached XP level 3. HP: 22/28 MP: 3/3
   946 | D:2      | Reached skill level 1 in Invocations
   962 | D:2      | Reached skill level 1 in Short Blades
   962 | D:2      | Reached skill level 1 in Long Blades
   962 | D:2      | Reached skill level 1 in Axes
   962 | D:2      | Reached skill level 1 in Maces & Flails
   962 | D:2      | Reached skill level 1 in Polearms
   962 | D:2      | Reached skill level 1 in Staves
   962 | D:2      | Reached skill level 1 in Ranged Weapons
   962 | D:2      | Reached skill level 1 in Throwing
   962 | D:2      | Reached skill level 1 in Shields
   962 | D:2      | Reached skill level 1 in Unarmed Combat
   962 | D:2      | Reached skill level 1 in Spellcasting
  1058 | D:2      | Found a faded altar of an unknown god.
  1251 | D:2      | Noticed Sigmund
  1258 | D:2      | Reached XP level 4. HP: 32/34 MP: 5/5
  1313 | D:2      | Killed Sigmund
  1314 | D:2      | Reached skill level 1 in Conjurations
  1314 | D:2      | Reached skill level 1 in Hexes
  1314 | D:2      | Reached skill level 1 in Summonings
  1314 | D:2      | Reached skill level 1 in Necromancy
  1314 | D:2      | Reached skill level 1 in Translocations
  1314 | D:2      | Reached skill level 1 in Transmutations
  1314 | D:2      | Reached skill level 1 in Fire Magic
  1314 | D:2      | Reached skill level 1 in Ice Magic
  1314 | D:2      | Reached skill level 1 in Air Magic
  1314 | D:2      | Reached skill level 1 in Earth Magic
  1314 | D:2      | Reached skill level 1 in Poison Magic
  1314 | D:2      | Reached skill level 1 in Shapeshifting
  1314 | D:2      | Reached XP level 5. HP: 17/41 MP: 5/7
  1314 | D:2      | Reached XP level 6. HP: 19/47 MP: 5/8
  1429 | D:2      | Identified the +6 spear of Dim Light {flame, rPois rF+
                  | Stlth+}
  1930 | D:3      | Found a shadowy altar of Dithmenos.
  2067 | D:3      | Found a sparkling altar of Nemelex Xobeh.
  2318 | D:3      | Reached skill level 5 in Armour
  2461 | D:4      | Found a sand-covered staircase.
  2468 | Ossuary  | Entered an ossuary
  2658 | Ossuary  | Reached skill level 7 in Evocations
  2658 | Ossuary  | Reached XP level 7. HP: 52/52 MP: 10/10
  2765 | D:4      | Found a staircase to the Ecumenical Temple.
  2774 | Temple   | Entered the Ecumenical Temple
  2988 | D:4      | Found a basalt altar of Yredelemnul.
  3297 | D:5      | Entered Level 5 of the Dungeon
  3479 | D:5      | Noticed Dowan
  3480 | D:5      | Noticed Duvessa
  3480 | D:5      | Noticed Menkaure
  3481 | D:5      | Found a radiant altar of Vehumet.
  3483 | D:5      | Killed Dowan
  3484 | D:5      | Killed Menkaure
  3484 | D:5      | Killed Duvessa
  3485 | D:5      | Reached XP level 8. HP: 58/60 MP: 12/12
  3600 | D:5      | Noticed a wraith
  3611 | D:5      | Killed a wraith
  3806 | D:6      | Noticed Eustachio
  3957 | D:6      | Killed Eustachio
  4212 | D:6      | Found a blossoming altar of Fedhas.
  4235 | D:6      | Noticed Grinder
  4245 | D:6      | Killed Grinder
  4246 | D:6      | Reached XP level 9. HP: 67/67 MP: 13/15
  4468 | D:6      | Reached skill level 5 in Fighting
  4468 | D:6      | Reached skill level 5 in Dodging
  4619 | D:6      | Noticed Pikel
  4636 | D:6      | Killed Pikel
  4637 | D:6      | Reached skill level 5 in Stealth
  4637 | D:6      | Reached skill level 8 in Evocations
  4933 | D:6      | Reached skill level 5 in Invocations
  5031 | D:6      | Found a runed translucent door.
  5032 | D:6      | Noticed Crazy Yiuf
  5650 | D:7      | Reached XP level 10. HP: 54/75 MP: 17/17
  5984 | D:7      | Reached skill level 5 in Short Blades
  5984 | D:7      | Reached skill level 5 in Long Blades
  5984 | D:7      | Reached skill level 5 in Axes
  5984 | D:7      | Reached skill level 5 in Maces & Flails
  5984 | D:7      | Reached skill level 5 in Polearms
  5984 | D:7      | Reached skill level 5 in Staves
  5984 | D:7      | Reached skill level 5 in Ranged Weapons
  5984 | D:7      | Reached skill level 5 in Throwing
  5984 | D:7      | Reached skill level 5 in Shields
  5984 | D:7      | Reached skill level 5 in Unarmed Combat
  5984 | D:7      | Reached skill level 5 in Spellcasting
  6487 | D:7      | Found a bloodstained altar of Trog.
  7008 | D:8      | Noticed a two-headed ogre
  7022 | D:8      | Killed a two-headed ogre
  7640 | D:8      | Found a runed translucent gate.
  7640 | D:8      | Found a runed translucent gate.
  7641 | D:8      | Found a runed translucent gate.
  7643 | D:8      | Noticed minhee2137's ghost (novice MiBe)
  8211 | D:9      | Noticed a boulder beetle
  8212 | D:9      | Learned a level 3 spell: Summon Guardian Golem
  8228 | D:8      | Learned a level 3 spell: Stone Arrow
  8302 | D:9      | Killed a boulder beetle
  8422 | D:9      | Noticed a two-headed ogre
  8652 | D:9      | Killed a two-headed ogre
  8653 | D:9      | Reached skill level 5 in Conjurations
  8653 | D:9      | Reached skill level 5 in Hexes
  8653 | D:9      | Reached skill level 5 in Summonings
  8653 | D:9      | Reached skill level 5 in Necromancy
  8653 | D:9      | Reached skill level 5 in Translocations
  8653 | D:9      | Reached skill level 5 in Transmutations
  8653 | D:9      | Reached skill level 5 in Fire Magic
  8653 | D:9      | Reached skill level 5 in Ice Magic
  8653 | D:9      | Reached skill level 5 in Air Magic
  8653 | D:9      | Reached skill level 5 in Earth Magic
  8653 | D:9      | Reached skill level 5 in Poison Magic
  8653 | D:9      | Reached skill level 9 in Evocations
  8653 | D:9      | Reached skill level 5 in Shapeshifting
  8653 | D:9      | Reached XP level 11. HP: 54/83 MP: 18/20
  9252 | D:9      | You fall into a shaft and drop 2 floors!
  9256 | D:11     | Identified the +1 dagger "Tiaps" {heavy, Str+2}
  9296 | D:10     | Entered Level 10 of the Dungeon
  9302 | D:10     | Learned a level 4 spell: Summon Lightning Spire
  9326 | D:10     | Noticed a two-headed ogre
  9346 | D:10     | Killed a two-headed ogre
  9856 | D:10     | Identified the +1 leather armour of the Snail {Will+}
 10503 | D:10     | Noticed Harold
 10522 | D:10     | Killed Harold
 11002 | D:9      | Found a shimmering altar of Xom.
 11153 | D:8      | Found a stormy altar of Qazlal.
 11153 | D:8      | Found a hazy altar of Hepliaklqana.
 11164 | D:8      | Became a worshipper of Hepliaklqana the Forgotten
 11320 | D:11     | Noticed a manticore
 11333 | D:11     | Killed a manticore
 11355 | D:11     | Found a staircase to the Lair.
 11499 | D:11     | Found Fiolekiz's Weapon Boutique.
 11501 | D:11     | Found a staircase to the Orcish Mines.
 11859 | D:11     | Noticed a two-headed ogre
 12423 | D:11     | Noticed a two-headed ogre
 12442 | D:11     | Killed a two-headed ogre
 12443 | D:11     | Reached XP level 12. HP: 91/91 MP: 22/22
 12466 | D:11     | Killed a two-headed ogre
 12481 | D:11     | Noticed a boulder beetle
 12654 | D:11     | Killed a boulder beetle
 12772 | D:11     | Noticed a boulder beetle
 12801 | D:11     | Killed a boulder beetle
 12960 | D:11     | Noticed a boulder beetle
 13103 | D:11     | Noticed a centaur warrior
 13114 | D:11     | Killed a centaur warrior
 13136 | D:11     | Killed a boulder beetle
 13137 | D:11     | Reached skill level 10 in Evocations
 13573 | D:11     | Noticed a two-headed ogre
 13581 | D:11     | Killed a two-headed ogre
 14804 | D:11     | Found a shimmering blue altar of Sif Muna.
 14878 | D:11     | Noticed a tengu reaver
 14886 | D:11     | Killed from afar by a tengu reaver

Illustrated notes

Levels and vault maps discovered:
D:1:      lemuel_arrival_lava_pool, layout_basic
D:2:      layout_rooms, nicolae_ecumenical_snake_handling, grunt_decor_clamped,
          bh_walls_and_bars, uniq_sigmund
D:3:      layout_loops_cross, nemelex_dance_club_becter,
          nicolae_dithmenos_through_a_glass_darkly,
          chequers_serial_rivers_small_a, st_stairs_6, minmay_ruptured
D:4:      layout_rooms, mainiacjoe_overflow_concentric_impassable,
          minmay_temple_entry_waves, chequers_ossuary_entry_cave
D:5:      layout_cave_pools, overflow_temple_1_default,
          chequers_serial_rivers_room_b, minmay_misc_feat_diagonals,
          minmay_small_thing, uniq_menkaure, uniq_duvessa
D:6:      layout_loops_ring, fedhas_ov_isle_minmay, minmay_starry_boxes,
          uniq_eustachio, uniq_crazy_yiuf_cottage, uniq_pikel, uniq_grinder
D:7:      layout_basic, trog_book
D:8:      layout_loops_ring, nicolae_overflow_hidden_temple,
          gammafunk_ghost_necromancy, amethyst_killhole
D:9:      layout_big_octagon, kb_xom_exploding_sheep
D:10:     layout_stronghold, hangedman_weighted_door, uniq_harold
D:11:     nzn_winding_woodlands_huge [nzn_winding_woodlands_5x15_pathside_ponds,
          nzn_winding_woodlands_5x15_garden, nzn_winding_woodlands_5x15_default,
          nzn_winding_woodlands_5x15_sidewinder,
          nzn_winding_woodlands_5x15_default,
          nzn_winding_woodlands_5x15_sawtooth, nzn_winding_woodlands_5x15_eye,
          nzn_winding_woodlands_5x15_zeroes,
          nzn_winding_woodlands_5x15_longhouse, nzn_winding_woodlands_5x15_pool,
          nzn_winding_woodlands_center_triple_pond,
          nzn_winding_woodlands_center_pierced_h,
          nzn_winding_woodlands_15x15_boxy_spiral], layout_basic, orc_david_3,
          special_room [special_room_bee], tgw_sif
Temple:   nicolae_temple_bog_church

Skill      XL: |  1  2  3  4  5  6  7  8  9 10 11 12 |
---------------+-------------------------------------+-----
Invocations    | 1 2 3 4 5 6 7 8 |  8.4
Short Blades   | 1 2 3 4 6 7 |  7.6
Long Blades    | 1 2 3 4 6 7 |  7.6
Axes           | 1 2 3 4 6 7 |  7.6
Maces & Flails | 1 2 3 4 6 7 |  7.6
Polearms       | 1 2 3 4 6 7 |  7.6
Staves         | 1 2 3 4 6 7 |  7.6
Ranged Weapons | 1 2 3 4 6 7 |  7.6
Throwing       | 1 2 3 4 6 7 |  7.6
Shields        | 1 2 3 4 6 7 |  7.6
Unarmed Combat | 1 2 3 4 6 7 |  7.6
Spellcasting   | 1 2 3 4 6 7 |  7.6
Fighting       | 3 4 5 6 7 8 |  8.1
Dodging        | 3 4 5 6 7 8 |  8.1
Stealth        | 3 4 5 6 7 8 |  8.1
Conjurations   | 1 2 3 4 5 6 |  6.3
Hexes          | 1 2 3 4 5 6 |  6.3
Summonings     | 1 2 3 4 5 6 |  6.3
Necromancy     | 1 2 3 4 5 6 |  6.3
Translocations | 1 2 3 4 5 6 |  6.3
Transmutations | 1 2 3 4 5 6 |  6.3
Fire Magic     | 1 2 3 4 5 6 |  6.3
Ice Magic      | 1 2 3 4 5 6 |  6.3
Air Magic      | 1 2 3 4 5 6 |  6.3
Earth Magic    | 1 2 3 4 5 6 |  6.3
Poison Magic   | 1 2 3 4 5 6 |  6.3
Shapeshifting  | 1 2 3 4 5 6 |  6.3
Armour         | 5 6 7 8 9 |  9.0
Evocations     | 7 8 9 10 | 10.1

Action                     |  1- 3 |  4- 6 |  7- 9 | 10-12 || total
---------------------------+-------+-------+-------+-------++-------
  Melee: Club              |   120 |     8 |       |       ||   128
         Bite              |     7 |     7 |    23 |   104 ||   141
         Punch             |     2 |     1 |     3 |    14 ||    20
         Unarmed           |       |     4 |       |       ||     4
         Spear             |       |   127 |   281 |   745 ||  1153
   Cast: Summon Guardian G |       |       |       |    27 ||    27
         Stone Arrow       |       |       |       |     4 ||     4
         Summon Lightning  |       |       |       |    13 ||    13
  Evoke: Wand              |    10 |     2 |    14 |    18 ||    44
    Use: Potion            |     1 |       |       |     1 ||     2
         Scroll            |       |    11 |     2 |     9 ||    22
   Stab: Sleeping          |     2 |    11 |    13 |     2 ||    28
         Distracted        |       |     1 |     2 |     2 ||     5
         Paralysed         |       |       |       |    20 ||    20
         Betrayed ally     |       |       |       |     1 ||     1
 Armour: Leather armour    |    60 |    34 |    92 |   176 ||   362
  Dodge: Dodged            |   154 |    56 |   159 |   511 ||   880
  Block: Other             |    36 |    26 |    68 |    69 ||   199
         Reflection        |       |       |     2 |     9 ||    11
         Orb               |       |       |       |   119 ||   119

Table legend: (Time is in decaauts)
 A = Elapsed time spent in this place.
 B = Non-inter-level travel time spent in this place.
 C = Inter-level travel time spent in this place.
 D = Time resting spent in this place.
 E = Time spent auto-exploring this place.
 F = Levels seen in this place.
 G = Mean time per level.
                   A        B        C        D        E       F      G
               +--------+--------+--------+--------+--------+-----+--------+
         Total |  14765 |  14458 |    307 |   2142 |   9181 |  13 | 1135.8 |
       Dungeon |  14516 |  14209 |    307 |   2142 |   9061 |  11 | 1319.6 |
        Temple |      7 |      7 |      0 |      0 |      0 |   1 |    7.0 |
       Ossuary |    241 |    241 |      0 |      0 |    120 |   1 |  241.0 |
               +--------+--------+--------+--------+--------+-----+--------+

Top non-repeatable levels by time:
    D:11: 3472 daAuts
    D:10: 1659 daAuts
     D:6: 1480 daAuts
     D:8: 1465 daAuts
     D:9: 1446 daAuts
     D:7: 1339 daAuts
     D:2: 925 daAuts
     D:1: 809 daAuts
     D:3: 725 daAuts
     D:4: 620 daAuts
     D:5: 571 daAuts
 Ossuary: 241 daAuts
  Temple: 7 daAuts
